 Dungeon Crawl Stone Soup version 0.30.0-29-ga12c61a403 (webtiles) character file.

Game seed: 13139683609116094947

1599 qw the Blocker (level 8, -5/48 HPs)
             Began as a Gargoyle Fighter on June 2, 2023.
             Slain by a gnoll
             ... wielding a +0 halberd
              (12 damage)
             ... on level 4 of the Dungeon.
             The game lasted 00:02:45 (5144 turns).

qw the Blocker (Gargoyle Fighter)                   Turns: 5144, Time: 00:02:46

Health: -5/48      AC: 19    Str: 28    XL:     8   Next: 94%
Magic:  8/8        EV:  5    Int:  9    God:
Gold:   325        SH: 20    Dex:  9    Spells: 7/7 levels left

rFire   . . .        Y - +0 war axe
rCold   . . .        r - +1 tower shield of the Dice {Harm +Blink}
rNeg    + . .        g - +0 plate armour
rPois   inf          q - +0 helmet
rElec   +            (no cloak)
rCorr   .            (no gloves)
SInv    .            k - +0 pair of boots
Will    .....        o - amulet of reflection Stlth
                     i - +6 ring of strength
HPRegen 0.28/turn    (no ring)
MPRegen 0.11/turn

%: harm (+30% outgoing, +20% incoming), reflection
@: about to teleport
A: sickness immunity, AC +5, negative energy resistance 1, electricity
resistance, torment resistance 1, petrification resistance, high MP 1,
MP-powered wands
a: Evoke Blink


You were on level 4 of the Dungeon.
You visited 1 branch of the dungeon, and saw 5 of its levels.
You also visited: Ossuary.

You collected 325 gold pieces.


Innate Abilities, Weirdness & Mutations

You are immune to sickness and miasma.
Your stone body is resilient. (AC +5)
You are immune to poison.
You resist negative energy. (rN+)
You are resistant to electric shocks. (rElec)
You are resistant to unholy torment.
You are immune to petrification.
You have an increased reservoir of magic. (+10% MP)
You expend magic power (3 MP) to strengthen your wands.


   Skills:
 - Level 4.1 Fighting
 - Level 6.1 Axes
 - Level 3.2 Armour
 + Level 0.2 Dodging
 - Level 9.9 Shields


You had 7 spell levels left.
You didn't know any spells.
Your spell library was empty.

Inventory:

Hand Weapons
 h - the +8 flail "Woischopt" {freeze, Int+4 SInv}
   (You found it on level 2 of the Dungeon)

   Int:       It affects your intelligence (+4).
   SInv:      It lets you see invisible.
 Y - a +0 war axe (weapon)
Armour
 g - a +0 plate armour (worn)
 k - a +0 pair of boots (worn)
 q - a +0 helmet (worn)
 r - the +1 tower shield of the Dice (worn) {Harm +Blink}
   (You acquired it on level 3 of the Dungeon)

   +Blink:    It lets you blink.
   Harm:      It increases damage dealt and taken.
Jewellery
 i - a +6 ring of strength (left hand)
 o - an amulet of reflection (around neck)
Scrolls
 a - a scroll of teleportation
 t - a scroll of identify
Potions
 b - a potion of mutation
 c - 2 potions of attraction
 d - 2 potions of might
 e - 7 potions of curing
 j - a potion of lignification
 l - a potion of heal wounds {unknown}
 m - 2 potions of haste
 n - a potion of magic {unknown}
 u - a potion of flight {unknown}
 v - 2 potions of resistance

Dungeon Overview and Level Annotations

Branches:
Dungeon (5/15)            Ossuary (visited)
 Temple: D:4-7

Altars:
Gozag
Kikubaaqudgha
Makhleb
Okawaru
Qazlal
Sif Muna
Trog
Yredelemnul
The Shining One


Message History

Enter note:
Enter note:
Enter note:
Enter note:
Enter note:
Enter note:
Enter note:
Enter note:
Enter note:
Enter note:
Enter note:
Enter note:
Enter note:
Enter note:
Enter note:
Enter note:
Enter note:
Enter note:
Enter note:
Enter note:
Enter note:
Enter note: You closely miss the gnoll.
You block the gnoll's attack.
You barely miss the gnoll. The gnoll barely misses you.
You block the gnoll's attack.
You hit the gnoll.
The gnoll is heavily wounded.
You block the gnoll's attack.
You barely miss the gnoll.
The gnoll is heavily wounded.
The gnoll hits you with a +0 halberd!
5143 ||| READING 2 scrolls of teleportation.
As you read the scroll of teleportation, it crumbles to dust.
You feel strangely unstable. You block the gnoll's attack.
You hit the gnoll.
The gnoll is almost dead.
You block the gnoll's attack. The gnoll hits you with a +0 halberd!
You die...

.....#.................#
##..########.###..##..##
###%###################
.+....#...#........#
.#....#...'........#
##.##.##########.#####
##.##.##########.###.##
...#....#.............#
...#~...'......g@.....#
...#~..####.###..###.####
...#~...###.#########...#
####~~~......#.........##
#~~.......+.........#
#~..##########.##..##
#~###############..##
#.................<.#
##..................#


You could see a gnoll.

Vanquished Creatures
  Pikel (D:3)
  2 black bears (D:5)
  2 phantoms
  Blork the orc (D:4)
  5 water moccasin zombies (Ossuary)
  A hound (D:4)
  A gnoll bouda (D:5)
  Natasha (thrice) (D:2)
  2 iguanas
  An orc wizard (D:3)
  Robin (D:2)
  2 mummies (Ossuary)
  7 adders
  7 gnolls (D:5)
  2 ufetubi (D:5)
  2 adder zombies (Ossuary)
  3 dart slugs
  7 orcs
  8 ball pythons
  2 endoplasms (D:1)
  2 giant cockroaches
  5 gnoll zombies (Ossuary)
  18 goblins
  10 hobgoblins
  4 jackals (D:4)
  5 quokkas
  7 bats
  6 frilled lizards
  5 hobgoblin zombies (Ossuary)
  4 kobolds
  5 kobold zombies (Ossuary)
  4 orc zombies (Ossuary)
  6 rats
  A rat zombie (D:5)
142 creatures vanquished.

Notes
Turn   | Place    | Note
-------+----------+-------------------------------------------
     0 | D:1      | qw the Gargoyle Fighter began the quest for the Orb.
     0 | D:1      | Reached XP level 1. HP: 14/14 MP: 1/1
     0 | D:1      | 0 ||| qw: Version: 0.2-a-102-gdf20003
     0 | D:1      | 0 ||| qw: Game counter: 943
     0 | D:1      | 0 ||| qw: Always use a shield: true
     0 | D:1      | 0 ||| qw: God list: Okawaru
     0 | D:1      | 0 ||| qw: Allow faded altars: false
     0 | D:1      | 0 ||| qw: Do Orc after D:15 true
     0 | D:1      | 0 ||| qw: Do second Lair branch before Depths: true
     0 | D:1      | 0 ||| qw: Lair rune preference: random
     0 | D:1      | 0 ||| qw: Plans: Normal, Zot:1-4, Slime:5, God:TSO, Crypt,
                  | Tomb, Pan, Hells, Abyss, Win
     0 | D:1      | 0 ||| PLANNING D:1-11
   112 | D:1      | 112 ||| Stepping ~*~*~tactically~*~*~ (hiding).
   118 | D:1      | Reached XP level 2. HP: 19/19 MP: 2/2
   859 | D:1      | 859 ||| UPGRADING to +0 pair of boots.
   864 | D:1      | 864 ||| UPGRADING to amulet of reflection.
   869 | D:1      | 869 ||| READING 3 scrolls labelled WEZXYE SYAL.
   872 | D:1      | 872 ||| READING scroll labelled HAWNACR EMAGRI.
   873 | D:1      | 873 ||| READING scroll labelled JAUWUTT BEVALL.
   874 | D:1      | 874 ||| READING scroll labelled QURIAM HASKUE.
   875 | D:1      | 875 ||| DRINKING 3 red potions.
   876 | D:1      | 876 ||| DRINKING 2 metallic ruby potions.
   934 | D:2      | 934 ||| Stepping ~*~*~tactically~*~*~ (hiding).
   943 | D:2      | Reached skill level 3 in Axes
   946 | D:2      | Reached XP level 3. HP: 23/23 MP: 3/3
  1033 | D:2      | Noticed Natasha
  1035 | D:2      | 1035 ||| Stepping ~*~*~tactically~*~*~ (hiding).
  1043 | D:2      | Killed Natasha
  1095 | D:2      | Identified the +8 flail "Woischopt" {freeze, Int+4 SInv}
  1097 | D:2      | 1097 ||| DROPPING +0 whip.
  1110 | D:2      | Reached XP level 4. HP: 28/28 MP: 4/4
  1169 | D:2      | Noticed Natasha
  1170 | D:2      | 1170 ||| Stepping ~*~*~tactically~*~*~ (stealth).
  1173 | D:2      | 1173 ||| Stepping ~*~*~tactically~*~*~ (hiding).
  1174 | D:2      | 1174 ||| Stepping ~*~*~tactically~*~*~ (hiding).
  1175 | D:2      | 1175 ||| Stepping ~*~*~tactically~*~*~ (hiding).
  1188 | D:2      | Killed Natasha
  1234 | D:2      | 1234 ||| Stepping ~*~*~tactically~*~*~ (stealth).
  1326 | D:2      | Noticed Natasha
  1327 | D:2      | 1327 ||| Stepping ~*~*~tactically~*~*~ (stealth).
  1330 | D:2      | You fall into a shaft and drop 1 floor!
  1497 | D:3      | Found a shimmering blue altar of Sif Muna.
  1569 | D:3      | 1569 ||| UPGRADING to +0 plate armour.
  1579 | D:3      | 1579 ||| DROPPING +0 scale mail.
  1580 | D:3      | 1580 ||| UPGRADING to +6 ring of strength.
  1581 | D:3      | 1581 ||| READING scroll labelled MALAWN QUAMO.
  1604 | D:2      | 1604 ||| Stepping ~*~*~tactically~*~*~ (stealth).
  1607 | D:2      | 1607 ||| Stepping ~*~*~tactically~*~*~ (stealth).
  1619 | D:2      | Killed Natasha
  1620 | D:2      | Reached XP level 5. HP: 16/32 MP: 5/5
  1886 | D:2      | Noticed Robin
  1887 | D:2      | 1887 ||| Stepping ~*~*~tactically~*~*~ (stealth).
  1889 | D:2      | 1889 ||| Stepping ~*~*~tactically~*~*~ (hiding).
  1895 | D:2      | Killed Robin
  2293 | D:2      | 2293 ||| Stepping ~*~*~tactically~*~*~ (hiding).
  2296 | D:2      | 2296 ||| Stepping ~*~*~tactically~*~*~ (hiding).
  2544 | D:2      | 2544 ||| UPGRADING to +0 helmet.
  2612 | D:3      | 2612 ||| Stepping ~*~*~tactically~*~*~ (stealth).
  2631 | D:3      | HP: 7/33 [orc priest/divine providence (11)]
  2632 | D:3      | 2632 ||| READING 2 scrolls of teleportation.
  2636 | D:3      | Found a bloodstained altar of Trog.
  2637 | D:3      | 2637 ||| READING scroll of teleportation.
  2638 | D:3      | HP: 6/33 [goblin/+2 dagger of venom (2)]
  2813 | D:3      | 2813 ||| Stepping ~*~*~tactically~*~*~ (stealth).
  2938 | D:3      | Reached XP level 6. HP: 38/38 MP: 6/6
  3119 | D:3      | 3119 ||| Stepping ~*~*~tactically~*~*~ (hiding).
  3120 | D:3      | 3120 ||| Stepping ~*~*~tactically~*~*~ (hiding).
  3121 | D:3      | 3121 ||| Stepping ~*~*~tactically~*~*~ (hiding).
  3416 | D:3      | 3416 ||| DROPPING amulet of regeneration.
  3417 | D:3      | 3417 ||| READING scroll labelled UMOEQETWYULI.
  3417 | D:3      | Identified a scroll of acquirement
  3417 | D:3      | 3417 ||| ACQUIRING +1 tower shield of the Dice {Harm
                  | +Blink}
  3417 | D:3      | Acquired the +1 tower shield of the Dice {Harm +Blink}
  3419 | D:3      | 3419 ||| UPGRADING to +1 tower shield of the Dice {Harm
                  | +Blink}.
  3429 | D:3      | 3429 ||| DROPPING +0 buckler.
  3430 | D:3      | 3430 ||| READING 2 scrolls labelled OXAYSCH JAWUN.
  3431 | D:3      | 3431 ||| DROPPING scroll of fear.
  3452 | D:4      | Noticed Pikel
  3461 | D:4      | 3461 ||| STAIRDANCE
  3466 | D:3      | Killed Pikel
  3467 | D:3      | Reached skill level 6 in Shields
  3467 | D:3      | Reached XP level 7. HP: 25/43 MP: 7/7
  3681 | D:4      | Reached skill level 7 in Shields
  3731 | D:4      | Noticed Blork the orc
  3740 | D:4      | Killed Blork the orc
  4102 | D:4      | Found a burning altar of Makhleb.
  4119 | D:4      | Reached XP level 8. HP: 48/48 MP: 8/8
  4328 | D:4      | 4328 ||| READING scroll labelled ONUCEO KYNOITT.
  4329 | D:4      | 4329 ||| DRINKING 2 yellow potions.
  4329 | D:4      | Gained mutation: You expend magic power (3 MP) to
                  | strengthen your wands. [potion of mutation]
  4329 | D:4      | Gained mutation: You have an increased reservoir of magic.
                  | (+10% MP) [potion of mutation]
  4330 | D:4      | 4330 ||| READING 2 scrolls of identify.
  4330 | D:4      | 4330 ||| IDENTIFYING white potion
  4385 | D:5      | Entered Level 5 of the Dungeon
  4386 | D:5      | 4386 ||| PLANNING OSSUARY
  4421 | D:5      | Reached skill level 8 in Shields
  4524 | D:5      | Found a sand-covered staircase.
  4525 | D:5      | 4525 ||| READING 2 scrolls of identify.
  4525 | D:5      | 4525 ||| IDENTIFYING dark potion
  4526 | D:5      | 4526 ||| DROPPING potion of brilliance.
  4535 | Ossuary  | Entered an ossuary
  4565 | Ossuary  | Reached skill level 9 in Shields
  4673 | Ossuary  | Reached skill level 6 in Axes
  4788 | Ossuary  | 4788 ||| READING scroll labelled JULIYNUINE.
  4789 | Ossuary  | 4789 ||| READING scroll labelled YLUVVUJYMI.
  4790 | Ossuary  | 4790 ||| DRINKING 2 bubbling orange potions.
  4791 | Ossuary  | 4791 ||| DRINKING 7 potions of curing.
  4791 | Ossuary  | 4791 ||| (to cure confusion)
  4792 | Ossuary  | 4792 ||| DRINKING 3 glowing orange potions.
  4793 | Ossuary  | 4793 ||| READING 2 scrolls of identify.
  4793 | Ossuary  | 4793 ||| IDENTIFYING smoky sapphire potion
  4794 | Ossuary  | 4794 ||| DROPPING potion of ambrosia.
  4800 | D:5      | 4800 ||| PLANNING D:1-11
  4838 | D:5      | Found a basalt altar of Yredelemnul.
  4932 | D:5      | Found a stormy altar of Qazlal.
  4941 | D:5      | Found an opulent altar of Gozag.
  4942 | D:5      | Found an ancient bone altar of Kikubaaqudgha.
  4942 | D:5      | Found a glowing golden altar of the Shining One.
  5087 | D:5      | Found an iron altar of Okawaru.
  5088 | D:5      | 5088 ||| PLANNING OKAWARU WORSHIP
  5120 | D:5      | 5120 ||| Stepping ~*~*~tactically~*~*~ (hiding).
  5137 | D:5      | 5137 ||| STAIRDANCE
  5142 | D:4      | HP: 7/48 [gnoll/+0 halberd (10)]
  5143 | D:4      | 5143 ||| READING 2 scrolls of teleportation.
  5144 | D:4      | Slain by a gnoll

Levels and vault maps discovered:
D:1:      lemuel_arrival_hallway, layout_basic
D:2:      layout_basic, chequers_serial_rivers_micro_b, kennysheep_nub,
          guppyfry_early_orc_mine, uniq_natasha, uniq_robin
D:3:      layout_loops_ring, mainiacjoe_overflow_tiny_flanked,
          mainiacjoe_overflow_cross_hatched, hangedman_abyss_or_decor_stabs,
          dk_vineyard_3, minivault_11, roderic_lattice_a,
          chequers_serial_rivers_micro_c
D:4:      layout_gridville, kennysheep_mini_moat,
          chequers_serial_rivers_micro_e, uniq_blork_the_orc, uniq_pikel
D:5:      layout_basic, mainiacjoe_overflow_alcove_1, general_overflow_altar,
          grunt_temple_overflow_open, enter_ossuary_3, uniq_edmund

Skill      XL: |  1  2  3  4  5  6  7  8 |
---------------+-------------------------+-----
Axes           | 2 3 4 5 6 |  6.1
Fighting       | 4 |  4.1
Shields        | 6 7 9 |  9.9
Armour         | |  3.2
Dodging        | |  0.2

Action                     |  1- 3 |  4- 6 |  7- 9 || total
---------------------------+-------+-------+-------++-------
  Melee: War axe           |    62 |   172 |   251 ||   485
    Use: Scroll            |     4 |     5 |     7 ||    16
         Potion            |     2 |       |     4 ||     6
 Armour: Scale mail        |    23 |    13 |       ||    36
         Plate armour      |       |    67 |   107 ||   174
  Dodge: Dodged            |    24 |    46 |    28 ||    98
  Block: Buckler           |    29 |    67 |       ||    96
         Reflection        |     2 |     1 |       ||     3
         Tower shield      |       |    13 |   245 ||   258

Table legend:
 A = Non-vault XP
 B = Vault XP
 C = Vault XP percentage of total XP
 D = Non-vault monster count
 E = Vault monster count
 F = Vault count percentage of total count
                 A         B        C        D         E       F
            +---------+---------+-------+---------+---------+-------
      Total |    1040 |    1245 |  54.5 |      91 |      51 |  35.9
            +---------+---------+-------+---------+---------+-------
        D:1 |      23 |       0 |   0.0 |      13 |       0 |   0.0
        D:2 |     147 |      89 |  37.7 |      21 |      20 |  48.8
        D:3 |      71 |     607 |  89.5 |      24 |       1 |   4.0
        D:4 |     212 |      91 |  30.0 |      15 |       1 |   6.2
        D:5 |     587 |       1 |   0.2 |      18 |       1 |   5.3
    Ossuary |       0 |     457 | 100.0 |       0 |      28 | 100.0
            +---------+---------+-------+---------+---------+-------
